 Dungeon Crawl Stone Soup version 0.31.0 (webtiles) character file.

Game seed: 13873098653223087500

93 qw the Shooter (level 4, -3/28 HPs)
             Began as a Gargoyle Hunter on Jan 19, 2024.
             Slain by an orc
             ... wielding a +2 trident of venom
              (6 damage)
             ... on level 3 of the Dungeon.
             The game lasted 00:00:05 (1232 turns).

qw the Shooter (Gargoyle Hunter)                    Turns: 1232, Time: 00:00:06

Health: -3/28      AC:  6    Str: 14    XL:     4   Next: 62%
Magic:  4/4        EV: 11    Int: 10    God:
Gold:   117        SH:  0    Dex: 15    Spells: 3/3 levels left

rFire   . . .        a - +0 shortbow
rCold   . . .        (shield currently unavailable)
rNeg    + . .        c - +0 leather armour
rPois   inf          (no helmet)
rElec   +            f - scarf {repulsion}
rCorr   .            (no gloves)
SInv    .            (no boots)
Will    .....        (no amulet)
Stlth   ++           (no ring)
HPRegen 0.24/turn    (no ring)
MPRegen 0.09/turn

%: repel missiles
@: no status effects
A: sickness immunity, AC +3, negative energy resistance 1, electricity
resistance, torment resistance 1, petrification resistance
a: no special abilities


You were on level 3 of the Dungeon.
You visited 1 branch of the dungeon, and saw 3 of its levels.

You collected 117 gold pieces.


Innate Abilities, Weirdness & Mutations

You are immune to sickness and miasma.
Your stone body is resilient. (AC +3)
You are immune to poison.
You resist negative energy. (rN+)
You are resistant to electric shocks. (rElec)
You are resistant to unholy torment.
You are immune to petrification.


   Skills:
 - Level 3.0 Fighting
 + Level 5.5 Ranged Weapons
 - Level 1.5 Dodging
 - Level 1.1 Stealth


You had 3 spell levels left.
You didn't know any spells.
Your spell library was empty.

Inventory:

Hand Weapons
 a - a +0 shortbow (weapon)
Armour
 c - a +0 leather armour (worn)
 f - a scarf of repulsion (worn)
Potions
 b - a potion of attraction {unknown}
 e - 4 potions of curing
 g - a potion of mutation

Dungeon Overview and Level Annotations

Branches:
Dungeon (3/15)

Altars:
Xom
Yredelemnul


Message History

1222 ||| RETREEEEATING.
The orc hits you with a +0 war axe!
1223 ||| RETREEEEATING.
You shoot an arrow. The arrow barely misses the orc.
The arrow hits the quokka.
The quokka is heavily wounded.
The orc barely misses you. x2
You shoot an arrow.
The arrow hits the orc but does no damage.
The orc hits you but does no damage.
You shoot an arrow. The arrow barely misses the orc.
The arrow hits the quokka.
You kill the quokka!
The orc misses you.
An endoplasm comes into view.
You shoot an arrow. The arrow hits the orc.
The orc is heavily wounded.
The orc barely misses you.
You shoot an arrow. The arrow closely misses the orc.
The arrow hits the orc!
You kill the orc!
The orc misses you. The endoplasm misses you.
You shoot an arrow. The arrow hits the orc.
You kill the orc!
The endoplasm closely misses you.
You shoot an arrow.
The arrow hits the orc but does no damage.
The orc is moderately wounded.
The endoplasm closely misses you. The orc hits you with a +0 dagger.
The orc hits you from afar with a +2 trident of venom.
The endoplasm freezes you.
You are frozen.
The orc hits you but does no damage. x2
You shoot an arrow. The arrow hits the orc.
The orc is severely wounded.
The orc hits you with a +0 dagger. The endoplasm barely misses you.
The orc hits you but does no damage.
You shoot an arrow. The arrow closely misses the orc.
The arrow hits the orc but does no damage.
The orc hits you with a +0 dagger. The endoplasm freezes you.
You are frozen.
The orc hits you from afar with a +2 trident of venom.
You die...

... ## ... .# .. #.#
##########.. .. #.#
#>.......... #. #$#
....#####...# #. #.#
#.#.#####+#.#.#J###.########
..#).......##.#.@oo.........
###...........####o...%.....
..........###..###.._.......
...#......#.#.....o...###..
...#.....#.8.#......)##
####......#.#.......#...o_.
#......###%......#....o.
#.........########....oo
########### ......


You could see 3 orcs and an endoplasm.

Vanquished Creatures
  4 adders
  7 orcs (D:3)
  6 endoplasms
  3 giant cockroaches (D:2)
  4 goblins
  2 hobgoblins (D:2)
  5 quokkas
  3 ball pythons (D:1)
  5 bats
  A frilled lizard (D:3)
  3 kobolds
  4 rats
47 creatures vanquished.

Notes
Turn   | Place    | Note
-------+----------+-------------------------------------------
     0 | D:1      | qw the Gargoyle Hunter began the quest for the Orb.
     0 | D:1      | Reached XP level 1. HP: 12/12 MP: 1/1
     0 | D:1      | 0 ||| qw: Version: 0.3-a-132-g3d54051
     0 | D:1      | 0 ||| qw: Game counter: 337
     0 | D:1      | 0 ||| qw: Melee chars always use a shield: true
     0 | D:1      | 0 ||| qw: God list: Okawaru
     0 | D:1      | 0 ||| qw: Allow faded altars: false
     0 | D:1      | 0 ||| qw: Do Orc after clearing Dungeon:15 true
     0 | D:1      | 0 ||| qw: Do second Lair branch before Depths: true
     0 | D:1      | 0 ||| qw: Lair rune preference: random
     0 | D:1      | 0 ||| qw: Goals: Normal
     0 | D:1      | 0 ||| PLANNING D:1-11
   230 | D:1      | Reached XP level 2. HP: 17/17 MP: 2/2
   467 | D:1      | 467 ||| READING 2 scrolls labelled PAWKAV MOYDEL.
   468 | D:1      | 468 ||| READING scroll labelled YWOASO MUUMIE.
   468 | D:1      | 468 ||| IDENTIFYING 3 green potions
   469 | D:1      | 469 ||| READING 3 scrolls labelled AGOFIUDIMA.
   470 | D:1      | 470 ||| DROPPING scroll of butterflies.
   471 | D:1      | 471 ||| DROPPING scroll of poison.
   472 | D:1      | 472 ||| DROPPING 2 scrolls of immolation.
   595 | D:2      | Reached skill level 5 in Ranged Weapons
   595 | D:2      | Reached XP level 3. HP: 21/21 MP: 3/3
   601 | D:2      | Found a basalt altar of Yredelemnul.
   742 | D:2      | Identified the +8 flail of Uskayaw, Usurping {drain, rElec}
   783 | D:2      | Reached skill level 3 in Fighting
   898 | D:2      | Reached XP level 4. HP: 28/28 MP: 4/4
  1127 | D:2      | 1127 ||| UPGRADING to scarf of repulsion.
  1132 | D:2      | 1132 ||| READING 2 scrolls of identify.
  1132 | D:2      | 1132 ||| IDENTIFYING white potion
  1133 | D:2      | 1133 ||| READING scroll of identify.
  1133 | D:2      | 1133 ||| IDENTIFYING sapphire potion
  1134 | D:2      | 1134 ||| READING scroll labelled PYRYAR KOPESI.
  1135 | D:2      | 1135 ||| FLEEEEING.
  1139 | D:2      | 1139 ||| READING scroll labelled EQOONY YTZIHU NEUK.
  1189 | D:3      | Found a shimmering altar of Xom.
  1197 | D:3      | Found a faded altar of an unknown god.
  1198 | D:3      | 1198 ||| RETREEEEATING.
  1216 | D:3      | 1216 ||| RETREEEEATING.
  1218 | D:3      | HP: 6/28 [orc/+2 trident of venom (4)]
  1219 | D:3      | 1219 ||| DRINKING potion of heal wounds.
  1220 | D:3      | 1220 ||| RETREEEEATING.
  1221 | D:3      | 1221 ||| RETREEEEATING.
  1222 | D:3      | 1222 ||| RETREEEEATING.
  1223 | D:3      | 1223 ||| RETREEEEATING.
  1232 | D:3      | HP: 7/28 [orc/+0 dagger (3)]
  1232 | D:3      | HP: 3/28 [frozen (4)]
  1232 | D:3      | Slain by an orc

Levels and vault maps discovered:
D:1:      psy_arrival_statuary, layout_basic, corexii_item_surrounded_by_moat,
          chequers_avenue, hangedman_decor_points, dreamdust_wishing_well
D:2:      layout_basic, basic_altar
D:3:      layout_basic, brannock_xom_greatest_gift, tgw_fedhas,
          mainiacjoe_overflow_alcove_1, basic_ecumenical_altar,
          grunt_decor_one_mirror, uniq_grinder

Skill      XL: |  1  2  3 |
---------------+----------+-----
Ranged Weapons | 5 |  5.5
Fighting       | 3 |  3.0
Dodging        | |  1.5
Stealth        | |  1.1

Action                     |  1- 3 |  4- 6 || total
---------------------------+-------+-------++-------
   Fire: Shortbow          |   101 |    37 ||   138
    Use: Scroll            |     3 |     4 ||     7
         Potion            |       |     1 ||     1
 Armour: Leather armour    |    20 |    26 ||    46
  Dodge: Dodged            |    38 |    21 ||    59

Table legend:
 A = Non-vault XP
 B = Vault XP
 C = Vault XP percentage of total XP
 D = Non-vault monster count
 E = Vault monster count
 F = Vault count percentage of total count
                 A         B        C        D         E       F
            +---------+---------+-------+---------+---------+-------
      Total |     134 |       0 |   0.0 |      47 |       0 |   0.0
            +---------+---------+-------+---------+---------+-------
        D:1 |      19 |       0 |   0.0 |      13 |       0 |   0.0
        D:2 |      74 |       0 |   0.0 |      22 |       0 |   0.0
        D:3 |      41 |       0 |   0.0 |      12 |       0 |   0.0
            +---------+---------+-------+---------+---------+-------
